 Dungeon Crawl Stone Soup version 0.29-a0-563-g64e4043184 (webtiles) character file.

Game seed: 13098623028088126807

98 YayAnonymity the Shield-Bearer (level 5, -2/41 HPs)
             Began as a Formicid Fighter on June 12, 2022.
             Succumbed to a scorpion's poison
             ... on level 4 of the Dungeon.
             The game lasted 00:03:09 (2940 turns).

YayAnonymity the Shield-Bearer (Formicid Fighter)   Turns: 2940, Time: 00:03:09

Health: -2/41      AC:  6    Str: 23    XL:     5   Next: 0%
Magic:  5/5        EV:  9    Int:  7    God:
Gold:   131        SH: 10    Dex: 10    Spells: 4/4 levels left

rFire   + . .      SeeInvis +   a - +0 war axe
rCold   . . .      Faith    .   c - +0 buckler
rNeg    . . .      Spirit   .   b - +0 scale mail
rPois   .          Reflect  +   (helmet unavailable)
rElec   .          Harm     .   (no cloak)
rCorr   .          Rampage  .   (no gloves)
Will    .....                   (no boots)
Stlth   ..........              p - amulet of reflection
HPRegen 0.13/turn               h - ring of protection from fire
MPRegen 0.09/turn               (no ring)

@: lethally poisoned (-2 -> -11)
A: permanent stasis, dig shafts and tunnels, antennae 3, four strong arms
a: Dig, Shaft Self


You were on level 4 of the Dungeon.
You visited 1 branch of the dungeon, and saw 4 of its levels.

You collected 131 gold pieces.

Inventory:

Hand Weapons
 a - a +0 war axe (weapon)
Missiles
 l - 5 poisoned darts (quivered)
 m - 3 datura-tipped darts
 q - 2 boomerangs
Armour
 b - a +0 scale mail (worn)
 c - a +0 buckler (worn)
Jewellery
 h - a ring of protection from fire (left hand)
 p - an amulet of reflection (around neck)
Wands
 g - a wand of paralysis (9)
Scrolls
 j - 4 scrolls of identify {unknown}
 r - a scroll of vulnerability {unknown}
 t - a scroll of fear {unknown}
 v - 2 scrolls of blinking {unknown}
Potions
 d - a potion of might
 e - a potion of brilliance {unknown}
 f - a potion of flight {unknown}
 i - 2 potions of heal wounds {unknown}
 k - a potion of attraction {unknown}
 n - 3 potions of mutation {unknown}
 o - a potion of ambrosia {unknown}
 s - a potion of berserk rage {unknown}
 u - a potion of curing {unknown}
 w - a potion of haste {unknown}


   Skills:
 - Level 3.2 Fighting
 * Level 4.0 Axes
 - Level 3.2 Armour
 + Level 5.2 Shields


You had 4 spell levels left.
You didn't know any spells.
Your spell library contained the following spells:

 Spells                   Type           Power      Damage    Failure   Level
 Sandblast                Erth           0%         2d4       80%         1
 Ensorcelled Hibernation  Hex/Ice        0%         N/A       91%         2
 Passwall                 Tmut/Erth      0%         N/A       91%         2
 Dazzling Flash           Conj/Hex       0%         N/A       99%         3
 Stone Arrow              Conj/Erth      0%         3d7       99%         3
 Fulminant Prism          Conj/Hex       0%         3d6       100%        4
 Iskenderun's Mystic Bla  Conj/Tloc      0%         2d3       100%        4
 Agony                    Necr           0%         N/A       100%        5
 Lee's Rapid Deconstruct  Erth           0%         3d5*      100%        5
 Silence                  Hex/Air        0%         N/A       100%        5
 Swiftness                Air            Unusable   N/A       N/A         3

Dungeon Overview and Level Annotations

Branches:
Dungeon (4/15)
 Temple: D:4-7

Altars:


Innate Abilities, Weirdness & Mutations

You cannot be hasted, slowed, berserked, paralysed or teleported.
You can dig through walls and to a lower floor.
You have a pair of large antennae on your head. (SInv)
Your four strong arms can wield two-handed weapons with a shield.


Message History

You are more poisoned.
The scorpion poisons you!
You hit the scorpion.
The scorpion is moderately wounded.
You feel very sick. The scorpion completely misses you.
You closely miss the scorpion.
The scorpion is moderately wounded.
You feel very sick. The scorpion barely misses you.
The scorpion stings you but does no damage.
You hit the scorpion.
The scorpion is severely wounded.
You feel very sick.
The scorpion stings you but does no damage.
You barely miss the scorpion.
The scorpion is severely wounded.
You feel very sick.
The scorpion stings you but does no damage.
You block the scorpion's attack.
You barely miss the scorpion.
The scorpion is heavily wounded.
You feel sick. The scorpion stings you.
* * * LOW HITPOINT WARNING * * *
You are lethally poisoned!
The scorpion poisons you! You block the scorpion's attack.
You closely miss the scorpion.
The scorpion is heavily wounded.
* * * LOW HITPOINT WARNING * * *
You feel very sick. You block the scorpion's attack.
You closely miss the scorpion.
The scorpion is heavily wounded.
* * * LOW HITPOINT WARNING * * *
You feel very sick. You block the scorpion's attack.
The scorpion stings you but does no damage.
You hit the scorpion but do no damage.
The scorpion is heavily wounded.
You die...

#.##........##>........##########
#.##....#.## #|.........))......+
#.##..<....#####..#.##.#######.##
#.##..###....# ##.#.#....†.#
#.##.......#.# #...+......#
#.###.###### #####+##......#
#.....# #............# #######
###.##............#
#.....s@†.........#
#.....####..†.....# #....
#..###.### #... ##)# .# #.. #..
.# #. )... # #...# ..... .O....


You could see a scorpion.

Vanquished Creatures
  An orc wizard (D:3)
  A worm (D:2)
  A dart slug (D:4)
  5 orcs
  3 endoplasms
  A giant cockroach (D:2)
  5 goblins
  9 hobgoblins
  3 jackals (D:2)
  7 kobolds
  A quokka (D:2)
  6 ball pythons
  8 bats
  4 frilled lizards
  5 rats
60 creatures vanquished.

Vanquished Creatures (others)
  A plant (D:1)
1 creature vanquished.

Grand Total: 61 creatures vanquished

Notes
Turn   | Place    | Note
-------+----------+-------------------------------------------
     0 | D:1      | YayAnonymity the Formicid Fighter began the quest for the
                  | Orb.
     0 | D:1      | Reached XP level 1. HP: 18/18 MP: 1/1
   233 | D:1      | Reached XP level 2. HP: 24/24 MP: 2/2
   517 | D:1      | Found a faded altar of an unknown god.
   627 | D:1      | You fall into a shaft and drop 1 floor!
   637 | D:2      | Reached XP level 3. HP: 25/29 MP: 3/3
  1941 | D:3      | Reached skill level 5 in Shields
  1941 | D:3      | Reached XP level 4. HP: 29/35 MP: 4/4
  2594 | D:3      | Identified the +3 scale mail of Aczugh {Rampage rCorr
                  | Slay-6}
  2921 | D:4      | Noticed an ogre
  2926 | D:4      | Reached XP level 5. HP: 40/41 MP: 5/5
  2939 | D:4      | HP: 1/41 [poisoned by a scorpion]
  2940 | D:4      | Succumbed to a scorpion's poison

Illustrated notes

Levels and vault maps discovered:
D:1:      giann_bridges, layout_loops_ring, ebering_ecumenical_altar_webs,
          minmay_misc_feat_chi, dk_noncrumbling_2
D:2:      layout_loops_ring, chequers_decorated_corner, minmay_misc_feat_rugged,
          serial_bayou_pond_a
D:3:      layout_loops_corners
D:4:      layout_basic, tgw_kikubaaqudgha

Skill      XL: |  1  2  3  4 |
---------------+-------------+-----
Axes           | 3 4 |  4.0
Shields        | 5 |  5.2
Fighting       | |  3.2
Armour         | |  3.2

Action                   |  1- 3 |  4- 6 || total
-------------------------+-------+-------++-------
Melee: War axe           |   100 |    62 ||   162
 Abil: Dig               |     1 |       ||     1
Armor: Scale mail        |    39 |    32 ||    71
Dodge: Dodged            |    42 |    17 ||    59
Block: Buckler           |    23 |    41 ||    64
       Reflection        |     1 |       ||     1

Table legend: (Time is in decaauts)
 A = Elapsed time spent in this place.
 B = Non-inter-level travel time spent in this place.
 C = Inter-level travel time spent in this place.
 D = Time resting spent in this place.
 E = Time spent auto-exploring this place.
 F = Levels seen in this place.
 G = Mean time per level.
                   A        B        C        D        E       F      G
               +--------+--------+--------+--------+--------+-----+--------+
         Total |   2999 |   2918 |     81 |      0 |   2426 |   4 |  749.8 |
       Dungeon |   2999 |   2918 |     81 |      0 |   2426 |   4 |  749.8 |
               +--------+--------+--------+--------+--------+-----+--------+

Top non-repeatable levels by time:
     D:2: 1068 daAuts
     D:3: 920 daAuts
     D:1: 819 daAuts
     D:4: 191 daAuts
